 Dungeon Crawl Stone Soup version 0.25-a0-589-g1e14c549ee (webtiles) character file.

Game seed: 16559205165146292611, levelgen mode: deterministic

15 Esekla the Charlatan (level 2, -2/14 HPs)
             Began as a Spriggan Artificer on Mar 12, 2020.
             Slain by an adder (4 damage)
             ... on level 3 of the Dungeon.
             The game lasted 00:05:50 (1131 turns).

Esekla the Charlatan (Spriggan Artificer)           Turns: 1131, Time: 00:05:51

Health: -2/14      AC:  2    Str:  8    XL:     2   Next: 34%
Magic:  6/6        EV: 19    Int: 12    God:
Gold:   43         SH:  0    Dex: 16    Spells: 2/2 levels left

rFire    . . .     SeeInvis +   a - +0 short sword
rCold    . . .     Gourm    .   (shield restricted)
rNeg     . . .     Faith    .   b - +0 robe
rPois    .         Spirit   .   (helmet restricted)
rElec    .         Reflect  .   (no cloak)
rCorr    .         Harm     .   (gloves unavailable)
MR       .....                  (boots unavailable)
Stlth    ++........             (no amulet)
HPRegen  0.04/turn              (no ring)
MPRegen  0.10/turn              (no ring)

@: very quick
A: very small, unfitting armour, see invisible, herbivore, speed 3, slow
metabolism 2
a: no special abilities


You were on level 3 of the Dungeon.
You were not hungry.

You visited 1 branch of the dungeon, and saw 3 of its levels.

You collected 43 gold pieces.

Inventory:

Hand Weapons
 a - a +0 short sword (weapon)
Missiles
 j - 3 boomerangs (quivered)
Armour
 b - a +0 robe (worn)
Wands
 c - a wand of flame (15)
 e - a wand of random effects (15)
Scrolls
 d - a scroll of identify {unknown}
Potions
 g - a potion of invisibility {unknown}
 h - a potion of cancellation {unknown}
 i - a potion of brilliance {unknown}
 k - a potion of curing {unknown}
Comestibles
 f - 2 rations


   Skills:
 - Level 0.7 Fighting
 * Level 1.5 Short Blades
 * Level 3.8 Dodging
 + Level 1.9 Stealth
 * Level 0.8 Spellcasting
 - Level 4.0 Evocations


You had 2 spell levels left.
You didn't know any spells.
Your spell library was empty.

Dungeon Overview and Level Annotations

Branches:
Dungeon (3/15)

Altars:
Sif Muna

Annotations:
D:1 Natasha


Innate Abilities, Weirdness & Mutations

You are very small and have problems with some larger weapons.
You are too small for most types of armour.
You have supernaturally acute eyesight. (SInv)
You are a herbivore.
You cover ground extremely quickly.
You need to consume almost no food.


Message History

An adder comes into view.
The helpless rat fails to defend itself.
You puncture the rat!
You kill the rat!
The adder hisses angrily.
A bat comes into view.
You see here an orange potion.
i - an orange potion The bat misses you.
The bat completely misses you. The bat misses you. The bat hits you.
* * * LOW HITPOINT WARNING * * *
You open the door. The adder misses you.
Found 13 bolts.
Found 18 gold pieces.
There is an open door here.
A rat comes into view.
The adder bites you.
You die...

. ... #.........
...+++......... .##
............. ... #
#.........# ...#
..#.........### ....
.......$....... ..#
.....(......... ...
#......@######### ###
#.......Sb......#####
#.
#.......####....#...#
## #.......#
#........# #.
######... #........#
#.
#...###........###.
+..............+r#.
#...###........#..#
#...r #.....#####.#


You could see an adder and a bat.

Vanquished Creatures
  A dart slug (D:1)
  A bat (D:1)
  A goblin (D:1)
  A hobgoblin (D:1)
  3 jackals (D:1)
  A ball python (D:1)
  A frilled lizard (D:1)
  4 rats
13 creatures vanquished.

Notes
Turn   | Place    | Note
-------+----------+-------------------------------------------
     0 | D:1      | Esekla the Spriggan Artificer began the quest for the Orb.
     0 | D:1      | Reached XP level 1. HP: 9/9 MP: 4/4
   433 | D:2      | Noticed Natasha
   433 | D:2      | Noticed a worker ant
   477 | D:1      | Reached XP level 2. HP: 3/14 MP: 6/6
  1079 | D:2      | Found a faded altar of an unknown god.
  1103 | D:3      | Found a shimmering blue altar of Sif Muna.
  1131 | D:3      | Slain by an adder

Levels and vault maps discovered:
D:1:      wander_arrival_lonely_grave, layout_loops_ring
D:2:      layout_rooms, chequers_ecumenical_altar_island, minmay_cut_off,
          uniq_natasha
D:3:      layout_basic, minitemple, st_stairs_8, uniq_robin

Action                   || total
-------------------------++-------
Melee: Short sword       ||    52
 Stab: Sleeping          ||     5
Armor: Robe              ||     2
Dodge: Dodged            ||    52

Table legend:
 A = Non-vault XP
 B = Vault XP
 C = Vault XP percentage of total XP
 D = Non-vault monster count
 E = Vault monster count
 F = Vault count percentage of total count
                 A         B        C        D         E       F
            +---------+---------+-------+---------+---------+-------
      Total |      22 |       0 |   0.0 |      13 |       0 |   0.0
            +---------+---------+-------+---------+---------+-------
        D:1 |      21 |       0 |   0.0 |      12 |       0 |   0.0
        D:3 |       1 |       0 |   0.0 |       1 |       0 |   0.0
            +---------+---------+-------+---------+---------+-------
